[Event "*** SCC Grand Prix: Titled Tuesday Blitz"]
[Site "Chess.com"]
[Date "2020.07.14"]
[Round "1"]
[White "VladimirBugayev"]
[Black "Filip_Covic"]
[Result "0-1"]
[WhiteElo "2110"]
[BlackElo "2489"]
[TimeControl "180+1"]
[EndTime "10:06:58 PDT"]
[Termination "Filip_Covic won on time"]

1. e4 e5 2. Nf3 Nc6 3. Nc3 Nf6 4. d4 exd4 5. Nxd4 d6 6. Bb5 Bd7 7. Bxc6 bxc6 8. Qf3 Ng4 9. O-O Ne5 10. Qg3 h5 11. f4 h4 12. Qe1 Ng4 13. h3 Nh6 14.
e5 Qe7 15. exd6 cxd6 16. Qf2 O-O-O 17. Re1 Qf6 18. Ndb5 cxb5 19. Nd5 Qf5 20. Qxa7 Qxd5 21. Be3 Qb7 22. Qa5 Nf5 23. Rad1 Nxe3 24. Rxe3 d5 25. Rc3+ Bc6 26. a4 b4 27. Rb3 Bd6 28. Rd4 Bc7 29. Qxb4 Qxb4 30. Rdxb4 Ba5 31. Rd4 Kc7 0-1

[Event "*** SCC Grand Prix: Titled Tuesday Blitz"]
[Site "Chess.com"]
[Date "2020.07.14"]
[Round "1"]
[White "Supernotar"]
[Black "zmeeed67"]
[Result "1/2-1/2"]
[WhiteElo "2841"]
[BlackElo "2431"]
[TimeControl "180+1"]
[EndTime "10:06:59 PDT"]
[Termination "Game drawn by repetition"]

1. d4 d5 2. c4 e6 3. Nf3 Nf6 4.
e3 c6 5. Nbd2 Nbd7 6. Bd3 Bd6 7.
O-O O-O 8. e4 dxe4 9. Nxe4 Nxe4 10. Bxe4 Nf6 11. Bc2 h6 12. Qd3 c5 13. Rd1 Qe7 14.
dxc5 Bxc5 15. b3 e5 16. Re1 e4 17. Qe2 Bg4 18. h3 Bh5 19. g4 Bg6 20. Bb2 Rfe8 21.
Nh4 Bh7 22. Rad1 e3 23. fxe3 Bxc2 24. Qxc2 Bxe3+ 25. Kg2 Nxg4 26. Nf5 Qg5 27. hxg4 Qxg4+ 28. Ng3 Bf4 29. Qf2 Bxg3 30. Qxg3 Re2+ 31. Rxe2 Qxe2+ 32. Kh3 Qxb2 33. Rd7 Qf6 34. Rxb7 Re8 35. Rb8 Qe6+ 36. Kh2 Qe2+ 37. Kh3 Qe6+ 38. Kh2 Qe2+ 39. Kh3 Qe6+ 1/2-1/2

[Event "*** SCC Grand Prix: Titled Tuesday Blitz"]
[Site "Chess.com"]
[Date "2020.07.14"]
[Round "1"]
[White "MergenKakabaev"]
[Black "Batica1984"]
[Result "0-1"]
[WhiteElo "2430"]
[BlackElo "2877"]
[TimeControl "180+1"]
[EndTime "10:07:00 PDT"]
[Termination "Batica1984 won on time"]

1. e4 c5 2. Nf3 e6 3. d4 cxd4 4. Nxd4 Nc6 5. Nxc6 bxc6 6. Bd3 Nf6 7. Qe2 d5 8. Nd2 Be7 9. O-O O-O 10. b3 a5 11.
Bb2 a4 12. e5 Nd7 13. a3 Nc5 14. Rfe1 Nxd3 15. Qxd3 Ba6 16. Qg3 c5 17. Rad1 Qb6 18. h4 Rac8 19. h5 h6 20. Bc1 Kh8 21. Nf1 axb3 22.
cxb3 Rb8 23. Re3 d4 24. Rf3 Be2 25. Rdd3 Bxd3 26. Rxd3 c4 27. bxc4 Qb1 28. Rd1 Qc2 29. Re1 Rb3 30. Qg4 Rb1 31. Bd2 Rxe1 32. Bxe1 Qxc4 33.
Bd2 Qd3 34. a4 Ra8 35. a5 Rd8 0-1

[Event "*** SCC Grand Prix: Titled Tuesday Blitz"]
[Site "Chess.com"]
[Date "2020.07.14"]
[Round "1"]
[White "Maxim_e2e4"]
[Black "TheCount"]
[Result "0-1"]
[WhiteElo "2382"]
[BlackElo "2723"]
[TimeControl "180+1"]
[EndTime "10:07:00 PDT"]
[Termination "TheCount won on time"]

1. e4 c5 2. Nf3 Nc6 3. d4 cxd4 4.
Nxd4 Qb6 5. Nb3 Nf6 6. Nc3 e6 7.
Be3 Qc7 8. a3 d6 9. f4 Be7 10.
Qf3 a6 11. O-O-O Nd7 12. h4 b5 13. g4 b4 14. axb4 Nxb4 15. g5 Bb7 16. h5 Rc8 17. Kb1 a5 18. Bb5 O-O 19. g6 h6 20.
gxf7+ Rxf7 21. Nd4 Nc5 22. Rh2 Bf6 23. Qg4 Nxe4 24. Nxe4 Bxe4 25. Qxe6 Bd5 26. Qg4 Ba2+ 27. Ka1 Bc4 28. c3 Nd5 29. Bxc4 Qxc4 30. Bc1 Qa4+ 31. Kb1 Rxc3 32. bxc3 Nxc3+ 33. Kb2 Nxd1+ 0-1

[Event "*** SCC Grand Prix: Titled Tuesday Blitz"]
[Site "Chess.com"]
[Date "2020.07.14"]
[Round "1"]
[White "plumalka"]
[Black "Jospem"]
[Result "1-0"]
[WhiteElo "2430"]
[BlackElo "2804"]
[TimeControl "180+1"]
[EndTime "10:07:01 PDT"]
[Termination "plumalka won on time"]

1. e4 e5 2. Nf3 Nc6 3. Nc3 Nf6 4. a3 d5 5. Bb5 d4 6. Ne2 Bd6 7. Bxc6+ bxc6 8. d3 O-O 9. O-O c5 10. c3 h6 11. Qc2 Re8 12. Nd2 Be6 13. h3 a5 14.
a4 Nd7 15. f4 f6 16. f5 Bf7 17. c4 Nb8 18. Nf3 Nc6 19. Bd2 Qb8 20. Rab1 Qb6 21. Nc1 Rab8 22. b3 Kf8 23. Nh4 Ke7 24. Rf3 Kd7 25.
Rg3 Rg8 26. Ng6 Kc8 27. Qd1 Kb7 28. Qe1 Ka6 29. h4 Rb7 30. h5 Qa7 31. Qd1 Qb8 32.
Rh3 Qd8 33. g4 Qd7 34. Rf3 Rgb8 35. Be1 Rb6 36. Rf2 R8b7 37. Nh4 Qe8 38. Rfb2 Qb8 39. Kf1 Ka7 40. Bd2 Be8 41. Qe1 Ra6 42. Kg1 Ka8 43.
Nf3 Qa7 44. Nh2 Nd8 45. Nf3 Bc6 46. Nh2 Nf7 47. Nf3 Be7 48. Nh4 1-0

[Event "*** SCC Grand Prix: Titled Tuesday Blitz"]
[Site "Chess.com"]
[Date "2020.07.14"]
[Round "1"]
[White "coalescenet"]
[Black "oskariot"]
[Result "0-1"]
[WhiteElo "2344"]
[BlackElo "2665"]
[TimeControl "180+1"]
[EndTime "10:07:01 PDT"]
[Termination "oskariot won by resignation"]

1. d4 Nf6 2. c4 c5 3. d5 b5 4. cxb5 a6 5. bxa6 g6 6. Nc3 Bxa6 7.
e4 Bxf1 8. Kxf1 d6 9. Nf3 Qc8 10. h3 Bg7 11. Kg1 O-O 12. Kh2 Nbd7 13. a4 Qb7 14. Qc2 Qb4 15. Re1 Rfb8 16. Ra3 Ne8 17. Nb5 Nb6 18. b3 c4 19. Bd2 cxb3 20. Qc1 Qc4 21.
Qxc4 Nxc4 22. Rxb3 Nxd2 23. Nxd2 Rxa4 24. Reb1 Ra2 25.
Nd4 Rxb3 26. N4xb3 Bc3 27. Rd1 f5 28. exf5 gxf5 29.
Kg3 Nf6 30. Nf3 Ra4 31. Nbd2 Kf7 32. Ng5+ Kg6 33. h4 Bxd2 34. Rxd2 h6 35. Re2 hxg5 36. hxg5 Kxg5 37. Rxe7 f4+ 38. Kh3 Ra1 39. Kh2 Ng4+ 0-1

[Event "*** SCC Grand Prix: Titled Tuesday Blitz"]
[Site "Chess.com"]
[Date "2020.07.14"]
[Round "1"]
[White "FedaMaster"]
[Black "maciek_92"]
[Result "1-0"]
[WhiteElo "2346"]
[BlackElo "2635"]
[TimeControl "180+1"]
[EndTime "10:07:01 PDT"]
[Termination "FedaMaster won on time"]

1. e4 c5 2. d4 cxd4 3. c3 Nf6 4.
e5 Nd5 5. Qxd4 e6 6. Nf3 Nc6 7. Qe4 Nde7 8. Bf4 f5 9. exf6 gxf6 10. Bd6 Ng6 11. Bxf8 Kxf8 12. h4 d5 13. Qe3 h5 14.
Nbd2 Qb6 15. Qd3 Kf7 16. O-O-O Qxf2 17. Qc2 e5 18. Bb5 Nce7 19. Rhf1 Qb6 20. Ba4 Nf4 21. Nd4 Nfg6 22. Ne2 Bg4 23. Nf3 Kg7 24. Ng3 Rac8 25. Kb1 d4 26. c4 Qe6 27. Bb3 Nf5 28. Ng5 fxg5 29. Nxf5+ Bxf5 30. Rxf5 e4 31. Rxg5 d3 32. Qc3+ Kh6 33. c5 1-0

[Event "*** SCC Grand Prix: Titled Tuesday Blitz"]
[Site "Chess.com"]
[Date "2020.07.14"]
[Round "1"]
[White "Ariadna_Atreides"]
[Black "grandemestregringo"]
[Result "0-1"]
[WhiteElo "2082"]
[BlackElo "2479"]
[TimeControl "180+1"]
[EndTime "10:07:01 PDT"]
[Termination "grandemestregringo won on time"]

1. d4 e6 2. c3 b6 3. e4 Bb7 4. Bd3 d5 5. e5 c5 6. f4 cxd4 7. cxd4 Qc8 8. Nf3 Bb4+ 9. Bd2 Bxd2+ 10. Nbxd2 Ne7 11. O-O Nbc6 12. Rc1 Ba6 13. Qe2 Bxd3 14.
Qxd3 O-O 15. Ng5 g6 16. Qh3 h5 17. g4 Kg7 18. f5 exf5 19. gxf5 Kh6 20. Qe3 Nxf5 21.
Rxf5 gxf5 22. Ne6+ Kh7 23. Nxf8+ Kg7 24. Qg5+ Kxf8 25.
Qh6+ Ke8 26. Qh8+ Kd7 27. Qf6 Qg8+ 28. Kh1 Ne7 29. Nf3 Qg4 30. Qd6+ Ke8 0-1

[Event "*** SCC Grand Prix: Titled Tuesday Blitz"]
[Site "Chess.com"]
[Date "2020.07.14"]
[Round "1"]
[White "dopolian"]
[Black "PattyCastillo"]
[Result "1-0"]
[WhiteElo "2460"]
[BlackElo "1936"]
[TimeControl "180+1"]
[EndTime "10:07:01 PDT"]
[Termination "dopolian won on time"]

1. Nf3 d5 2. g3 Nf6 3. Bg2 c6 4. O-O e6 5. c4 Nbd7 6. b3 Bd6 7.
Bb2 O-O 8. d4 Qe7 9. Ne5 Rd8 10.
f4 c5 11. e3 Ne4 12. Qe2 f6 13. Nxd7 Bxd7 14. Bxe4 dxe4 15. Nc3 Bc6 16. Rad1 Rac8 17. d5 exd5 18. Nxd5 Qf7 19. Nxf6+ gxf6 20. Rxd6 Rxd6 21. Qg4+ Qg7 22. Qxc8+ Qf8 23. Qf5 Qd8 24. Qxc5 Rd1 25. Bd4 Rxf1+ 26. Kxf1 Qf8 27. Qxf8+ Kxf8 28. Bxa7 Kf7 29.
Bd4 Ke6 30. h3 f5 31. g4 fxg4 32. hxg4 1-0

[Event "*** SCC Grand Prix: Titled Tuesday Blitz"]
[Site "Chess.com"]
[Date "2020.07.14"]
[Round "1"]
[White "cottage_cheese"]
[Black "antoszu"]
[Result "1/2-1/2"]
[WhiteElo "2169"]
[BlackElo "2505"]
[TimeControl "180+1"]
[EndTime "10:07:02 PDT"]
[Termination "Game drawn by repetition"]

1. e4 c5 2. Nf3 e6 3. c3 Nf6 4. e5 Nd5 5. d4 cxd4 6. cxd4 Nc6 7. Bd2 d6 8. Nc3 dxe5 9. dxe5 Nb6 10. Bb5 Be7 11. O-O O-O 12. Be3 Nd7 13. Bf4 Qc7 14. Re1 a6 15. Bd3 Rd8 16. Qe2 Nf8 17. Rac1 Qa5 18. Bb1 Nd4 19. Nxd4 Rxd4 20. Be3 Rd8 21. Bf4 Bd7 22. Ne4 Bc6 23. Nd6 Ng6 24. Bg3 Bxd6 25. exd6 Qd5 26. Be4 Qxa2 27. Bxc6 bxc6 28. Rxc6 Qd5 29. Rec1 e5 30. Rxa6 Rxa6 31. Qxa6 Rxd6 32. Rc8+ Rd8 33. Rxd8+ Qxd8 34. Qe2 f6 35. h3 Qd4 36.
Kh2 h5 37. Qxh5 Nf4 38. Bxf4 Qxf4+ 39. Kg1 Qc1+ 40. Kh2 Qf4+ 41. Kg1 Qc1+ 42. Kh2 Qf4+ 1/2-1/2

[Event "*** SCC Grand Prix: Titled Tuesday Blitz"]
[Site "Chess.com"]
[Date "2020.07.14"]
[Round "1"]
[White "WIDBIFS"]
[Black "WelshTiger"]
[Result "1-0"]
[WhiteElo "2736"]
[BlackElo "2387"]
[TimeControl "180+1"]
[EndTime "10:07:03 PDT"]
[Termination "WIDBIFS won on time"]

1. d4 Nf6 2. Nf3 e6 3. Bf4 d5 4. e3 c5 5. Nbd2 Nc6 6. c3 Bd6 7. Bg3 Qc7 8. dxc5 Bxg3 9. hxg3 a5 10. Qa4 Bd7 11. Bb5 O-O 12. O-O Rfc8 13. Qc2 Be8 14. a3 b6 15. cxb6 Qxb6 16. Bxc6 Bxc6 17. Rfc1 Bb7 18. b4 Ba6 19. Qb2 Ne8 20. Nb3 Nd6 21.
Nxa5 Bd3 22. Qd2 Be4 23. Qd4 Qc7 24. Qe5 Qb6 25. Nd2 Bg6 26. c4 dxc4 27. Naxc4 Nxc4 28. Nxc4 Qa6 29. b5 Qa7 30. b6 Qd7 31. Nd6 Rxc1+ 32. Rxc1 f6 33. Qc5 Rd8 34. b7 Bd3 35. Qc7 Qxd6 36.
Qxd6 1-0

[Event "*** SCC Grand Prix: Titled Tuesday Blitz"]
[Site "Chess.com"]
[Date "2020.07.14"]
[Round "1"]
[White "Rish_97"]
[Black "Mikhal867"]
[Result "0-1"]
[WhiteElo "2676"]
[BlackElo "2376"]
[TimeControl "180+1"]
[EndTime "10:07:03 PDT"]
[Termination "Mikhal867 won on time"]

1. d4 g6 2. Nf3 Bg7 3. c3 c5 4. e4 Nf6 5. e5 Ne4 6. d5 d6 7. Qa4+ Bd7 8. Qxe4 O-O 9. Bc4 b5 10. Bb3 c4 11. Bc2 e6 12. dxe6 Bc6 13.
Qh4 Qxh4 14. Nxh4 Bxe5 15. exf7+ Rxf7 16. Nf3 Rxf3 17. gxf3 Bxf3 18. Rf1 Nd7 19. Be3 Bxh2 20. Nd2 Bg2 21. Be4 Bxe4 22. Nxe4 Re8 23. Nd2 Ne5 24.
Ke2 Nd3 25. a4 a6 26. axb5 axb5 27. Ra5 b4 28. Nxc4 Nxb2 29. Nxb2 bxc3 30. Nd3 c2 31. Rc1 Rc8 32. Ra2 d5 33. Raxc2 Re8 34. Rc8 Kf7 0-1

[Event "*** SCC Grand Prix: Titled Tuesday Blitz"]
[Site "Chess.com"]
[Date "2020.07.14"]
[Round "1"]
[White "saraswathii"]
[Black "124chess"]
[Result "0-1"]
[WhiteElo "2359"]
[BlackElo "2684"]
[TimeControl "180+1"]
[EndTime "10:07:03 PDT"]
[Termination "124chess won by resignation"]

1. e4 e5 2. d3 Nf6 3. Nf3 Nc6 4. g3 g6 5. Bg2 Bg7 6. O-O O-O 7. c3 d6 8. Qe2 Be6 9. d4 exd4 10. cxd4 Bg4 11. Rd1 Re8 12. Nc3 Nxe4 13. Nxe4 d5 14. h3 Rxe4 15. Be3 Bxf3 16. Qxf3 Qd7 17. Rd2 Rae8 18. Rad1 h5 19. Rd3 Ne7 20. Qe2 Re6 21. Rb3 c6 22. g4 hxg4 23. hxg4 Nc8 24. Qd2 Nd6 25. Qc1 Nc4 26. Bf4 Re2 27. Bf3 R2e7 28.
Rbd3 Nd6 29. Qc5 Ne4 30. Qxa7 Qe6 31. Kg2 Qf6 32. Be5 Qg5 33. Bxg7 Kxg7 34. Qa5 Nf6 35.
Kg3 Re4 36. Bxe4 Qxg4+ 37. Kh2 Rh8+ 0-1

[Event "*** SCC Grand Prix: Titled Tuesday Blitz"]
[Site "Chess.com"]
[Date "2020.07.14"]
[Round "1"]
[White "binbin239"]
[Black "aloe_normansen"]
[Result "1-0"]
[WhiteElo "2539"]
[BlackElo "2206"]
[TimeControl "180+1"]
[EndTime "10:07:03 PDT"]
[Termination "binbin239 won on time"]

1. d4 Nf6 2. c4 g6 3. Nf3 Bg7 4.
g3 O-O 5. Bg2 d5 6. O-O Nc6 7.
cxd5 Nxd5 8. Nc3 Nb6 9. e4 Bg4 10. d5 Nd4 11. Be3 c5 12. dxc6 Nxc6 13. Qb3 Rc8 14. Rfd1 Qe8 15. Bxb6 axb6 16. Qxb6 Ne5 17. Qe3 Nc4 18. Qe2 Nxb2 19. Qxb2 Bxc3 20. Qxb7 Bxa1 21. Rxa1 Qd7 22. Qb3 Rb8 23. Qe3 Kg7 24. Ne5 Qe6 25. Qd4 f6 26. Nxg4 Qxg4 27. a4 Rfd8 28. Qa7 Qd7 29.
Qc5 Rdc8 30. Qa3 Qd6 31. Qe3 Rc2 32. a5 Rbb2 33. Rf1 Qa6 34. Qa3 Kf8 35. e5 fxe5 36.
Be4 Rd2 37. Qf3+ Kg7 38. Bd5 e6 39. Be4 Qxa5 40. Qe3 Qb6 41. Qf3 Qc5 42. h4 h5 43.
Bb1 Rb4 44. Qa8 Rbd4 45. Qb7+ Rd7 46. Qe4 1-0

[Event "*** SCC Grand Prix: Titled Tuesday Blitz"]
[Site "Chess.com"]
[Date "2020.07.14"]
[Round "1"]
[White "manmanlai1"]
[Black "L_lorenzo"]
[Result "1-0"]
[WhiteElo "2464"]
[BlackElo "1988"]
[TimeControl "180+1"]
[EndTime "10:07:03 PDT"]
[Termination "manmanlai1 won on time"]

1. e4 c5 2. Nf3 e6 3. g3 Nc6 4.
Bg2 d6 5. O-O Bd7 6. c3 Rc8 7.
d4 cxd4 8. cxd4 Nf6 9. Qe2 Be7 10. Nc3 O-O 11. Rd1 Qa5 12. h3 Rfe8 13. a3 a6 14. Be3 b5 15. b4 Qc7 16. Rac1 Qb8 17. g4 d5 18. e5 Ne4 19. Nxe4 dxe4 20. Nd2 f5 21.
exf6 Bxf6 22. Nxe4 Bxd4 23. Rxc6 Bxe3 24. Rxc8 Bxf2+ 25. Qxf2 Bxc8 26. Nc5 Rf8 27. Qe3 Qb6 28. Qe5 a5 29. Qd6 Qxd6 30. Rxd6 axb4 31. axb4 h6 32. Bc6 e5 33. Bxb5 h5 34. Be2 hxg4 35. hxg4 Kh7 36. b5 Rf4 37. g5 Bf5 38. b6 Rb4 39. Kf2 e4 40. Ke3 Rb2 41. b7 g6 42. Rd8 1-0

[Event "*** SCC Grand Prix: Titled Tuesday Blitz"]
[Site "Chess.com"]
[Date "2020.07.14"]
[Round "1"]
[White "Rodalquilar"]
[Black "snap_man"]
[Result "1-0"]
[WhiteElo "2633"]
[BlackElo "2317"]
[TimeControl "180+1"]
[EndTime "10:07:04 PDT"]
[Termination "Rodalquilar won by resignation"]

1. d4 Nf6 2. c4 e6 3. Nc3 b6 4. e4 Bb4 5. Bd3 Bb7 6. f3 c5 7. d5 Bxc3+ 8. bxc3 exd5 9. cxd5 O-O 10. c4 b5 11. cxb5 a6 12. b6 Qxb6 13. Rb1 Qc7 14. d6 Qc8 15. Bc4 Nc6 16. Bb2 Na5 17. Rc1 Nxc4 18.
Rxc4 Ne8 19. e5 Qc6 20. Ne2 f6 21. Rg4 fxe5 22. Bxe5 Nf6 23. Rg3 Qd5 24. Qa1 Kh8 25. Nf4 Qc4 26. Nh5 Rae8 27. Rxg7 Qd4 28. Qxd4 cxd4 29. Re7 Kg8 30. Nxf6+ Rxf6 31. Bxf6 Rxe7+ 32. dxe7 Kf7 33. Kd2 d5 34. Rc1 Ke8 35. Rc7 a5 36. Rxb7 Kf7 37. Rb8 Kxf6 38. e8=Q 1-0

[Event "*** SCC Grand Prix: Titled Tuesday Blitz"]
[Site "Chess.com"]
[Date "2020.07.14"]
[Round "1"]
[White "onnoelgersma"]
[Black "eljanov"]
[Result "0-1"]
[WhiteElo "2423"]
[BlackElo "2856"]
[TimeControl "180+1"]
[EndTime "10:07:05 PDT"]
[Termination "eljanov won on time"]

1. e4 c6 2. Nf3 d5 3. Nc3 Bg4 4. h3 Bxf3 5. Qxf3 e6 6. Be2 Nf6 7. O-O Bc5 8. d3 Nbd7 9. Qg3 O-O 10. Bh6 Ne8 11. Bf4 Bd4 12. Be3 Bxe3 13. fxe3 Qb8 14. Qh4 Nef6 15. Bf3 a5 16. Rae1 b5 17. exd5 cxd5 18.
e4 b4 19. Ne2 dxe4 20. Bxe4 Qb6+ 21. Kh1 Rac8 22. Rc1 Qe3 23. Qf2 Qxf2 24. Rxf2 Nxe4 25. dxe4 Ne5 26. Rff1 Nc4 27. c3 Nxb2 28. cxb4 axb4 29.
Rb1 Nd3 30. Rb3 Rfd8 31. Nf4 Nxf4 32. Rxf4 Rd4 33. Kh2 e5 0-1

[Event "*** SCC Grand Prix: Titled Tuesday Blitz"]
[Site "Chess.com"]
[Date "2020.07.14"]
[Round "1"]
[White "krzyzan94"]
[Black "OnePeculiarConundrum"]
[Result "0-1"]
[WhiteElo "2661"]
[BlackElo "2366"]
[TimeControl "180+1"]
[EndTime "10:07:07 PDT"]
[Termination "OnePeculiarConundrum won on time"]

1. Nf3 c5 2. e4 d6 3. d4 cxd4 4.
Nxd4 Nf6 5. Nc3 a6 6. f4 e6 7.
Be3 Qc7 8. Qf3 Nbd7 9. g4 Nc5 10.
g5 Nfd7 11. O-O-O b5 12. f5 b4 13. fxe6 fxe6 14. Nce2 Ne5 15. Qh3 Be7 16. Kb1 O-O 17.
Nf4 Bd7 18. g6 h6 19. Nh5 Rac8 20. Nxg7 Rf6 21. Nh5 Rxg6 22. Nf4 Rf6 23. Rg1+ Kh7 24. Nh5 Rg6 25. Rxg6 Nxg6 26. Nf6+ Bxf6 27. Qxh6+ Kg8 28. Qxg6+ Bg7 29. Bh3 Be8 30. Qg2 Qe7 31. Rg1 Rc7 32.
Bg5 Qf7 33. Bc1 Re7 34. Nf3 Nxe4 35. Nh4 d5 36. Rf1 Qh5 37. Nf3 Bg6 38. Bg4 Qh7 39. h4 Rb7 40. h5 Nc3+ 41. bxc3 bxc3+ 42. Ka1 Bxc2 43. Bxe6+ Kh8 0-1

[Event "*** SCC Grand Prix: Titled Tuesday Blitz"]
[Site "Chess.com"]
[Date "2020.07.14"]
[Round "1"]
[White "AlexSuv"]
[Black "tk22h"]
[Result "1/2-1/2"]
[WhiteElo "2580"]
[BlackElo "2295"]
[TimeControl "180+1"]
[EndTime "10:07:07 PDT"]
[Termination "Game drawn by repetition"]

1. d4 Nf6 2. Nf3 g6 3. c3 Bg7 4.
g3 O-O 5. Bg2 d5 6. O-O Nbd7 7.
Nbd2 Re8 8. Re1 e5 9. dxe5 Nxe5 10. Nxe5 Rxe5 11. Nf3 Re8 12. Bf4 c6 13. Nd4 Bd7 14. a4 a5 15. Nb3 b6 16. Rc1 Qe7 17. Qc2 Bf5 18. Qd1 Nh5 19. Be3 Rab8 20. Bd4 Nf6 21. c4 dxc4 22. Rxc4 c5 23. Bc3 Be6 24. Rh4 Red8 25.
Qc2 Nd5 26. Bxg7 Kxg7 27. Bxd5 Rxd5 28. Qc3+ Kg8 29. Nd2 Rbd8 30. Nc4 Qc7 31. Ne3 Rd4 32. Rxd4 Rxd4 33. Rd1 Qd6 34. Rd3 h5 35. h4 Rxd3 36.
exd3 Qd4 37. Qc2 Bd7 38. b3 Bc6 39. Nc4 Qd5 40. Kf1 Qh1+ 41. Ke2 Qf3+ 42. Kf1 Qh1+ 43. Ke2 Qf3+ 44. Ke1 Qh1+ 45. Kd2 Qf1 46. Ke3 Qe1+ 47.
Qe2 Qc1+ 48. Qd2 Qb1 49. Qb2 Qe1+ 50. Qe2 Qc1+ 51. Qd2 Qb1 52. Qb2 Qe1+ 53. Qe2 1/2-1/2

[Event "*** SCC Grand Prix: Titled Tuesday Blitz"]
[Site "Chess.com"]
[Date "2020.07.14"]
[Round "1"]
[White "alfiefischer77"]
[Black "Haykoooo0o"]
[Result "0-1"]
[WhiteElo "2194"]
[BlackElo "2522"]
[TimeControl "180+1"]
[EndTime "10:07:07 PDT"]
[Termination "Haykoooo0o won on time"]

1. e4 e5 2. Nf3 Nc6 3. Bb5 Nf6 4. Qe2 d6 5. c3 Bd7 6. O-O Be7 7. d4 exd4 8. cxd4 O-O 9. Nc3 Re8 10. Bg5 h6 11.
Bh4 a6 12. Ba4 g5 13. Bg3 g4 14. Nd2 Nxd4 15. Qd3 Ne6 16. Bc2 Nc5 17. Qd4 Nh5 18.
e5 Nxg3 19. fxg3 dxe5 20. Qxe5 Bg5 21. Bh7+ Kxh7 22. Rxf7+ Kg6 23. Rg7+ Kh5 24. Qxc5 Bc6 25. Nc4 Qf6 26. Rxc7 Rad8 27. Rf1 Qe6 28. h4 gxh3 29. gxh3 Qxh3 0-1

[Event "*** SCC Grand Prix: Titled Tuesday Blitz"]
[Site "Chess.com"]
[Date "2020.07.14"]
[Round "1"]
[White "dalmatinac101"]
[Black "Future2700"]
[Result "1-0"]
[WhiteElo "2796"]
[BlackElo "2402"]
[TimeControl "180+1"]
[EndTime "10:07:08 PDT"]
[Termination "dalmatinac101 won by resignation"]

1. e4 c5 2. Nf3 e6 3. g3 Nc6 4. Bg2 Nge7 5. O-O g6 6. Re1 Bg7 7. c3 O-O 8. d4 cxd4 9. cxd4 d5 10. e5 Nf5 11. Nc3 f6 12. g4 Nfe7 13. exf6 Bxf6 14. Bh6 Bg7 15. Qd2 Bxh6 16. Qxh6 Rxf3 17. Bxf3 Nxd4 18. Bd1 Nec6 19. Re3 Bd7 20. Rh3 Qe7 21. a3 Rf8 22. Qe3 Qd6 23. Rc1 e5 24. Qd2 Rf4 25.
Rg3 Be6 26. h3 Qf8 27. b4 a6 28. Na4 Qf6 29. Nc5 Bc8 30. Nd3 Nf3+ 31. Bxf3 Rxf3 32. Rxf3 Qxf3 33. Nxe5 Qxh3 34. Qxd5+ Kh8 35. Rxc6 bxc6 36. Qd8+ Kg7 37. Qe7+ Kh6 38. Nf7+ Kg7 39. Ng5+ 1-0

[Event "*** SCC Grand Prix: Titled Tuesday Blitz"]
[Site "Chess.com"]
[Date "2020.07.14"]
[Round "1"]
[White "thedjoker98"]
[Black "Yoshikrov"]
[Result "1-0"]
[WhiteElo "2493"]
[BlackElo "2115"]
[TimeControl "180+1"]
[EndTime "10:07:08 PDT"]
[Termination "thedjoker98 won on time"]

1. d4 Nf6 2. c4 g6 3. Nc3 d5 4. e3 Bg7 5. Qb3 c6 6. Nf3 O-O 7. Bd2 dxc4 8. Bxc4 b5 9. Be2 Be6 10. Qc2 Na6 11. O-O Nb4 12. Qb1 Nbd5 13. e4 Nxc3 14. Bxc3 a6 15. Rd1 Qb6 16. a3 Rfd8 17. Bb4 Bf8 18. Qc2 Rac8 19. Rac1 Bg4 20. Bc5 Qb7 21. h3 Bxf3 22. Bxf3 e6 23. Bxf8 Rxf8 24. g4 Qb8 25.
Bg2 Qf4 26. Qd2 Qxd2 27. Rxd2 Rfd8 28. f4 c5 29. e5 Ne8 30. d5 exd5 31. Rxd5 Rxd5 32. Bxd5 c4 33. e6 Nd6 34. exf7+ Nxf7 35. Bb7 Rd8 36. Bxa6 Rd2 37. Bxb5 Rxb2 38. Bxc4 Kg7 39. Rd1 Rc2 40. Bxf7 Kxf7 41. Rd7+ Kf6 42. Rxh7 Rc3 43. a4 Ra3 44. Ra7 Rxh3 45. Kf2 Ra3 46. a5 g5 47. f5 Ke5 48. a6 Ke4 49. Ra8 Ra2+ 50. Ke1 1-0

[Event "*** SCC Grand Prix: Titled Tuesday Blitz"]
[Site "Chess.com"]
[Date "2020.07.14"]
[Round "1"]
[White "Speshka"]
[Black "maestroza"]
[Result "1-0"]
[WhiteElo "2154"]
[BlackElo "2493"]
[TimeControl "180+1"]
[EndTime "10:07:09 PDT"]
[Termination "Speshka won on time"]

1. e4 Nf6 2. e5 Nd5 3. d4 d6 4. Bc4 Nb6 5. Bb3 dxe5 6. Qh5 e6 7.
dxe5 Nc6 8. Nf3 a5 9. a4 Nd4 10. Nxd4 Qxd4 11. O-O g6 12. Qe2 Bg7 13. Re1 Nd7 14.
Nc3 Qxe5 15. Qd1 Qd6 16. Nb5 Qxd1 17. Rxd1 Be5 18. f4 c6 19. fxe5 cxb5 20. Bf4 Nc5 21. axb5 Nxb3 22. cxb3 Bd7 23. b6 Bc6 24. Bd2 Ke7 25.
Bxa5 Rhd8 26. Bb4+ Ke8 27. Bd6 Bd5 28. Rdc1 Bc6 29. Ra3 f5 30. Rca1 Rac8 31. Rc1 g5 32. b4 Bd5 33. Rac3 1-0

[Event "*** SCC Grand Prix: Titled Tuesday Blitz"]
[Site "Chess.com"]
[Date "2020.07.14"]
[Round "1"]
[White "Zkid"]
[Black "Angel_Hranitel_37"]
[Result "1-0"]
[WhiteElo "2770"]
[BlackElo "2399"]
[TimeControl "180+1"]
[EndTime "10:07:11 PDT"]
[Termination "Zkid won on time"]

1. e4 c5 2. Nf3 e6 3. d4 cxd4 4.
Nxd4 Nf6 5. Bd3 Nc6 6. Nxc6 bxc6 7. O-O e5 8. Bg5 h6 9. Bh4 Bc5 10. Kh1 d6 11. Nd2 O-O 12. a4 a5 13. c3 Be6 14. Rb1 Rb8 15. Qc2 g5 16. Bg3 h5 17. h4 g4 18. Bc4 d5 19. exd5 cxd5 20. Bb5 Bd6 21. Rfe1 e4 22. Nf1 Bxg3 23. Nxg3 Nd7 24.
Bxd7 Qxd7 25. Nxh5 f5 26. Qd2 Qe7 27. g3 Bf7 28. Nf4 Kg7 29. Red1 Rbd8 30. Qd4+ Qf6 31. Qe3 Rd7 32. Rd4 Rfd8 33. b4 axb4 34. cxb4 Qa6 35.
b5 Qb6 36. Rbd1 Ra8 37. Qc3 Raa7 38. Rxd5+ 1-0

[Event "*** SCC Grand Prix: Titled Tuesday Blitz"]
[Site "Chess.com"]
[Date "2020.07.14"]
[Round "1"]
[White "vanea_03"]
[Black "Dmitry_Konenkin"]
[Result "0-1"]
[WhiteElo "2715"]
[BlackElo "2400"]
[TimeControl "180+1"]
[EndTime "10:07:12 PDT"]
[Termination "Dmitry_Konenkin won by resignation"]

1. e4 d6 2. d4 Nf6 3. Bd3 e5 4. c3 d5 5. dxe5 Nxe4 6. Nf3 Bc5 7. O-O Bf5 8. Nd4 Bg6 9. Be3 O-O 10. f4 Bxd4 11.
cxd4 f5 12. Nc3 c6 13. Ne2 Bh5 14. b4 Nd7 15. Qc2 Bxe2 16. Bxe2 Qe7 17. Rab1 a6 18. a4 Rfc8 19. Rfc1 Nf8 20. b5 axb5 21. axb5 Ne6 22.
bxc6 bxc6 23. Rb3 Ra4 24. Qd1 Qa7 25. Bb5 Rxd4 26. Qe1 Rb8 27. Rxc6 Nxf4 28. Rb4 Qa2 29. Bxf4 Rxb4 30. Bf1 Rb1 31. Qe3 Qa1 32. Qf3 Qd4+ 33. Be3 Qxe5 34. h3 Qg3 35. Qe2 R8b3 36. Qd3 Rxd3 0-1

[Event "*** SCC Grand Prix: Titled Tuesday Blitz"]
[Site "Chess.com"]
[Date "2020.07.14"]
[Round "1"]
[White "Ausbildung"]
[Black "Yurovskykh_Oleksandr"]
[Result "1/2-1/2"]
[WhiteElo "2199"]
[BlackElo "2511"]
[TimeControl "180+1"]
[EndTime "10:07:12 PDT"]
[Termination "Game drawn by stalemate"]

1. e4 d5 2. exd5 Qxd5 3. Nc3 Qd8 4. d4 Nf6 5. Nf3 Bg4 6. h3 Bxf3 7. Qxf3 c6 8. Be3 e6 9. g4 Bb4 10. Bg2 Qd5 11. O-O Qxf3 12. Bxf3 Nd5 13. Nxd5 exd5 14. a3 Bd6 15. Rfe1 O-O 16. Bd2 Nd7 17. Bb4 Bxb4 18.
axb4 a6 19. b3 Rfe8 20. Re3 g5 21. Rae1 Kf8 22. c4 Nb6 23. cxd5 cxd5 24. Rc1 Rxe3 25.
fxe3 Re8 26. Kf2 Re7 27. Rc5 Rd7 28. b5 a5 29. Ke2 Ke7 30. Kd3 f6 31. e4 Kd6 32.
exd5 Re7 33. Be4 h6 34. Rc1 Nxd5 35. Bxd5 Kxd5 36. b6 Re6 37. Rc5+ Kd6 38. Rc7 Re1 39. Rxb7 Kc6 40. Rh7 Kxb6 41. Rxh6 Rf1 42. h4 gxh4 43. g5 Kb5 44. Rxf6 Rg1 45. Rf4 h3 46. Rh4 Rg3+ 47. Kc2 Kb4 48. d5+ Kc5 49. g6 Rg2+ 50. Kc3 Rg3+ 51.
Kc2 Rxg6 52. Rxh3 Rg5 53. Rd3 Rxd5 54. Rxd5+ Kxd5 55. b4 axb4 56. Kb3 Kc5 57. Kb2 Kc4 58. Kc2 b3+ 59. Kb2 Kb4 60. Kb1 Ka4 61. Kb2 Kb4 62. Kb1 Kb5 63. Kb2 Kc4 64. Kb1 Kc3 65. Kc1 Kb4 66. Kb2 Kc4 67. Kb1 Kc3 68. Kc1 b2+ 69.
Kb1 Kb3 1/2-1/2